 Dungeon Crawl Stone Soup version 0.26.1-11-gd32895ea62 (webtiles) character file.

Game seed: 10825720488974023108

163 raph the Grave Robber (level 5, -1/29 HPs)
             Began as a Deep Elf Necromancer on June 11, 2021.
             Slain by an iguana (13 damage)
             ... on level 4 of the Dungeon.
             The game lasted 00:07:21 (5367 turns).

raph the Grave Robber (Deep Elf Necromancer)        Turns: 5367, Time: 00:07:21

Health: -1/29      AC:  4    Str:  5    XL:     5   Next: 20%
Magic:  12/12      EV: 13    Int: 21    God:
Gold:   119        SH:  0    Dex: 15    Spells: 2/11 levels left

rFire    . . .     SeeInvis .   a - +6 dagger (venom)
rCold    . . .     Faith    +   (no shield)
rNeg     . . .     Spirit   .   j - +0 robe
rPois    .         Reflect  .   (no helmet)
rElec    .         Harm     .   (no cloak)
rCorr    .         Rampage  .   r - +0 pair of gloves
Will     .....                  f - +0 pair of boots
Stlth    ++........             s - amulet of faith
HPRegen  0.09/turn              (no ring)
MPRegen  0.13/turn              (no ring)

@: no status effects
A: no striking features
a: no special abilities


You were on level 4 of the Dungeon.
You visited 1 branch of the dungeon, and saw 4 of its levels.

You collected 119 gold pieces.

Inventory:

Hand Weapons
 a - a +6 dagger of venom (weapon)
 b - a +1 dagger of electrocution
 i - a +0 dagger
Missiles
 q - 12 javelins
Armour
 f - a +0 pair of boots (worn)
 j - a +0 robe (worn)
 r - a +0 pair of gloves (worn)
Jewellery
 s - an amulet of faith (around neck)
Wands
 k - a wand of disintegration (8)
 v - a wand of random effects (23)
Scrolls
 c - 5 scrolls of identify
 e - 2 scrolls of remove curse
Potions
 d - a potion of flight {unknown}
 l - a potion of haste
 n - a potion of brilliance
 o - a potion of cancellation
 u - 2 potions of curing
 w - a potion of degeneration


   Skills:
 + Level 1.3 Fighting
 + Level 3.3 Dodging
 + Level 3.1 Stealth
 + Level 3.8 Spellcasting
 * Level 6.5 Necromancy


You had 2 spell levels left.
You knew the following spells:

 Your Spells              Type           Power        Failure   Level
a - Pain                  Necr           100%         1%          1
b - Animate Skeleton      Necr           62%          1%          1
c - Vampiric Draining     Necr           15%          2%          3
d - Animate Dead          Necr           15%          9%          4

Your spell library contained the following spells:

 Spells                   Type           Power        Failure   Level
 Agony                    Necr           31%          24%         5


Dungeon Overview and Level Annotations

Branches:
Dungeon (4/15)
 Temple: D:4-7

Altars:

Annotations:
D:3 Grinder, Pikel


Message History

An iguana comes into view.
Found 2 scrolls of fear.
The iguana hisses angrily.
The iguana bites you.
You hit the iguana.
The iguana is poisoned.
The iguana is moderately wounded.
The iguana bites you.
You closely miss the iguana.
The iguana is moderately wounded.
The iguana bites you.
You are too injured to fight recklessly!
You are too injured to fight recklessly!
You are too injured to fight recklessly!
You are too injured to fight recklessly!
You are too injured to fight recklessly!
You are too injured to fight recklessly!
You hit the iguana.
The iguana looks as sick as possible!
The iguana is heavily wounded.
The iguana bites you!
You die...

## ##... .# ...#
.# ###.. ###
.### # #.. ...
#?##.##.#
#.....@l#
####.#### #.#
#.# #########
#.# #.......#
#.#
#.#####.####.#
###.##.........#
.......##.######


You could see an iguana (extremely poisoned).

Vanquished Creatures
  2 lemures
  Jessica (D:2)
  A bullfrog skeleton (D:4)
  Ijyb (D:3)
  3 adders
  2 dart slugs (D:2)
  A leopard gecko (D:2)
  2 ball pythons
  9 bats
  3 giant cockroaches
  7 hobgoblins
  2 jackals (D:2)
  6 kobolds
  A quokka (D:3)
  5 frilled lizards
  6 goblins
  4 rats
56 creatures vanquished.

Notes
Turn   | Place    | Note
-------+----------+-------------------------------------------
     0 | D:1      | raph the Deep Elf Necromancer began the quest for the Orb.
     0 | D:1      | Reached XP level 1. HP: 10/10 MP: 6/6
    20 | D:1      | Learned a level 1 spell: Animate Skeleton
   138 | D:1      | Reached skill level 5 in Necromancy
   772 | D:1      | Reached XP level 2. HP: 13/15 MP: 5/8
  1548 | D:2      | Reached XP level 3. HP: 14/19 MP: 4/9
  1552 | D:2      | Learned a level 3 spell: Vampiric Draining
  2404 | D:2      | Reached skill level 6 in Necromancy
  2691 | D:2      | Reached XP level 4. HP: 20/24 MP: 6/11
  2888 | D:2      | Noticed Jessica
  2894 | D:2      | Killed Jessica
  3171 | D:2      | Reached skill level 1 in Fighting
  3698 | D:3      | Noticed Grinder
  4113 | D:3      | Noticed Ijyb
  4125 | D:3      | Killed Ijyb
  4407 | D:3      | Reached XP level 5. HP: 24/29 MP: 12/12
  4551 | D:4      | Learned a level 4 spell: Animate Dead
  4560 | D:4      | Noticed a lemure
  4565 | D:4      | Noticed a lemure
  4596 | D:4      | Killed a lemure
  4690 | D:4      | Noticed Pikel
  4691 | D:4      | Noticed a lemure
  4691 | D:4      | Noticed a lemure
  5042 | D:3      | Killed a lemure
  5367 | D:4      | Slain by an iguana

Illustrated notes

Levels and vault maps discovered:
D:1:      lightli_arrival_statuegarden, layout_basic
D:2:      minmay_skewed_foursquare, layout_basic, item_on_display_a,
          uniq_jessica
D:3:      layout_loops_ring, uniq_grinder, uniq_ijyb
D:4:      layout_loops_cross, minmay_misc_feat_secret_circle,
          chequers_serial_rivers_large_a, uniq_duvessa, uniq_pikel

Skill      XL: |  1  2  3  4 |
---------------+-------------+-----
Necromancy     | 5 6 |  6.5
Dodging        | 3 |  3.3
Fighting       | 1 |  1.3
Stealth        | 3 |  3.1
Spellcasting   | |  3.8

Action                   |  1- 3 |  4- 6 || total
-------------------------+-------+-------++-------
Melee: Spear             |     6 |       ||     6
       Dagger            |    19 |    46 ||    65
 Cast: Pain              |    59 |    10 ||    69
Evoke: Wand              |       |     2 ||     2
  Use: Scroll            |       |    13 ||    13
 Stab: Sleeping          |     6 |     4 ||    10
Armor: Robe              |    13 |    10 ||    23
Dodge: Dodged            |    37 |    29 ||    66
